 Dungeon Crawl Stone Soup version 0.28.0-45-g0d030f2227 (webtiles) character file.

Game seed: 823313926201947315

100 issech the Cudgeller (level 4, -2/45 HPs)
             Began as a Troll Monk on Apr 18, 2022.
             Slain by an orc
             ... wielding a +0 trident
              (7 damage)
             ... on level 3 of the Dungeon.
             The game lasted 00:07:07 (2400 turns).

issech the Cudgeller (Troll Monk)                   Turns: 2400, Time: 00:07:08

Health: -2/45      AC:  4    Str: 19    XL:     4   Next: 46%
Magic:  3/3        EV: 10    Int:  6    God:
Gold:   159        SH:  0    Dex: 14    Spells: 3/3 levels left

rFire   . . .      SeeInvis .   a - +0 mace
rCold   . . .      Faith    .   (no shield)
rNeg    . . .      Spirit   .   b - +0 robe
rPois   .          Reflect  .   (helmet restricted)
rElec   .          Harm     .   (no cloak)
rCorr   .          Rampage  .   (gloves unavailable)
Will    .....                   (boots unavailable)
Stlth   ++........              (no amulet)
HPRegen 0.95/turn               (no ring)
MPRegen 0.08/turn               (no ring)

@: no status effects
A: large, unfitting armour, claws 3, regeneration 1, shaggy fur 1, tough skin 1
a: no special abilities


You were on level 3 of the Dungeon.
You visited 1 branch of the dungeon, and saw 3 of its levels.

You collected 159 gold pieces.

Inventory:

Hand Weapons
 a - a +0 mace (weapon)
Missiles
 c - 8 arrows
 j - 21 stones (quivered)
 n - 27 sling bullets
Armour
 b - a +0 robe (worn)
Wands
 k - a wand of paralysis (13)
 o - a wand of flame (17)
Scrolls
 d - a scroll of fear
 f - 2 scrolls of fog
 g - a scroll of noise
 h - a scroll of blinking {unknown}
 i - a scroll of enchant armour {unknown}
 l - a scroll of identify
Potions
 e - a potion of haste {unknown}
 m - a potion of brilliance {unknown}


   Skills:
 + Level 3.1 Fighting
 + Level 3.9 Maces & Flails
 + Level 0.1 Throwing
 + Level 2.7 Dodging
 + Level 1.2 Stealth


You had 3 spell levels left.
You didn't know any spells.
Your spell library was empty.

Dungeon Overview and Level Annotations

Branches:
Dungeon (3/15)

Altars:
Dithmenos

Shops:
D:3 *


Innate Abilities, Weirdness & Mutations

You are too large for most types of armour.
You have claws for hands.
Your natural rate of healing is unusually fast.
You are covered in fur. (AC +1)
You have tough skin. (AC +1)


Message History

A puff of flame appears from out of thin air!
The puff of flame hits you! The orc barely misses you.
Something hits you but does no damage. The orc completely misses you.
You closely miss something. Something hits you but does no damage.
The orc hits you from afar with a +0 trident.
You barely miss something. Something hits you. The orc misses you.
You barely miss something. Something hits you.
The orc hits you but does no damage.
You hit something.
You hear some strange, mumbled words.
A magic dart appears from out of thin air!
The magic dart hits you.
The orc hits you from afar with a +0 trident.
You barely miss something. Something hits you. The orc closely misses you.
Something hits you. The orc barely misses you.
You closely miss something. Something hits you. The orc misses you.
You closely miss something.
An orc wizard appears from thin air!
Reactivating autopickup.
The orc wizard hits you but does no damage.
The orc hits you from afar with a +0 trident.
* * * LOW HITPOINT WARNING * * *
You closely miss the orc wizard.
The orc wizard is severely wounded.
The orc wizard hits you with a +0 dagger.
* * * LOW HITPOINT WARNING * * *
The orc hits you from afar with a +0 trident.
* * * LOW HITPOINT WARNING * * *
You hit the orc wizard but do no damage.
The orc wizard is heavily wounded.
The orc wizard misses you.
The orc hits you from afar with a +0 trident.
* * * LOW HITPOINT WARNING * * *
You hit the orc wizard but do no damage.
The orc wizard is heavily wounded.
The orc wizard hits you but does no damage.
The orc hits you but does no damage.
The orc wizard hits you with a +0 dagger.
* * * LOW HITPOINT WARNING * * *
The orc hits you from afar with a +0 trident!
You die...

###.#..##.#.#..#[#...#
..#..#+##.#.##.#.....#
#.#..+ ..#.##..###.##
#.#.## .#..........#
#.#.# #..........#
#.#.# .#.###.###.##.#
....# #..............#
#...# ###.####.##.####
#...# #@## ....#
###+####o.# ..#.#
#......o#.# ###+#
#.......#.#
#.......#..
#.......##.. ###'#####
..# #(# #.#
#)#######.#


You could see an orc wizard and an orc.

Vanquished Creatures
  An orc wizard (D:3)
  An adder (D:2)
  3 dart slugs
  2 orcs (D:3)
  3 bats (D:1)
  5 endoplasms
  A giant cockroach (D:1)
  5 goblins
  7 hobgoblins
  6 jackals
  4 kobolds
  3 quokkas
  3 ball pythons (D:2)
  6 frilled lizards
  3 rats
53 creatures vanquished.

Notes
Turn   | Place    | Note
-------+----------+-------------------------------------------
     0 | D:1      | issech the Troll Monk began the quest for the Orb.
     0 | D:1      | Reached XP level 1. HP: 22/22 MP: 0/0
    89 | D:1      | Found a faded altar of an unknown god.
   205 | D:1      | Reached XP level 2. HP: 28/29 MP: 1/1
   775 | D:2      | Reached XP level 3. HP: 31/36 MP: 2/2
  2064 | D:3      | Found Boasheoz's Assorted Antiques.
  2303 | D:3      | Reached XP level 4. HP: 44/45 MP: 3/3
  2347 | D:3      | Found a shadowy altar of Dithmenos.
  2400 | D:3      | Slain by an orc

Illustrated notes

Levels and vault maps discovered:
D:1:      tarquinn_simple_flora_water_e, layout_loops_ring,
          ebering_ecumenical_altar_rust, minmay_octomino_j4
D:2:      layout_loops_ring, serial_co_window_serial, co_window_corner_a,
          co_window_of_opportunity_a, co_window_paths_a, co_window_paths_a,
          co_window_paths_b, co_window_paths_a, co_window_of_opportunity_b,
          co_window_paths_c, co_window_of_opportunity_c, co_window_corner_cb,
          co_window_broadway_b, co_window_corner_cb, co_window_sun,
          glass_columns_a, glass_columns_a, glass_columns_c,
          corexii_leaking_fountain
D:3:      layout_basic, mainiacjoe_overflow_cross_hatched, serial_shops,
          nicolae_shop_behind_doors, shop, nicolae_shop_overgrown_old_shop

Skill      XL: |  1  2  3 |
---------------+----------+-----
Maces & Flails | 3 |  3.9
Fighting       | 3 |  3.1
Throwing       | |  0.1
Dodging        | |  2.7
Stealth        | |  1.2

Action                   |  1- 3 |  4- 6 || total
-------------------------+-------+-------++-------
Melee: Mace              |   148 |    34 ||   182
Throw: Stone             |       |     9 ||     9
  Use: Scroll            |     3 |       ||     3
 Stab: Sleeping          |     4 |       ||     4
Armor: Robe              |    63 |    15 ||    78
Dodge: Dodged            |    67 |    17 ||    84
